 Dungeon Crawl Stone Soup version 0.32-a0-471-gb91d5d9764 (webtiles) character file.

Game seed: 15867998917584781581

4388 nuthulu the Fighter (level 10, -1/71 HPs)
             Began as a Gargoyle Fighter on Feb 25, 2024.
             Was an Initiate of Okawaru.
             Killed from afar by an efreet (19 damage)
             ... with a bolt of fire
             ... on level 7 of the Dungeon.
             The game lasted 00:11:32 (6939 turns).

nuthulu the Fighter (Gargoyle Fighter)              Turns: 6939, Time: 00:11:33

Health: -1/71      AC: 25    Str: 24    XL:     10   Next: 35%
Magic:  10/10      EV:  6    Int: 12    God:    Okawaru [......]
Gold:   909        SH:  9    Dex:  9    Spells: 9/9 levels left

rFire   . . .        a - +1 flail
rCold   . . .        c - +0 buckler
rNeg    + . .        d - +0 plate armour
rPois   ∞            i - +1 helmet
rElec   +            (no cloak)
rCorr   +            (no gloves)
SInv    +            w - +0 pair of boots
Will    .....        j - amulet "Kevagh" {Reflect rElec Int+3 SH+5 SInv} Stlth
                     f - ring of resist corrosion
HPRegen 0.31/turn    s - +4 ring of protection
MPRegen 0.12/turn

%: reflection
@: no status effects
A: sickness immunity, AC +7, negative energy resistance 1, electricity
resistance, torment resistance 1, petrification resistance
a: Renounce Religion


You were on level 7 of the Dungeon.
You worshipped Okawaru.
Okawaru was noncommittal.
You visited 2 branches of the dungeon, and saw 8 of its levels.

You collected 909 gold pieces.

Inventory:

Hand Weapons
 a - a +1 flail (weapon)
Armour
 b - a +1 scale mail
 c - a +0 buckler (worn)
 d - a +0 plate armour (worn)
 i - a +1 helmet (worn)
 w - a +0 pair of boots (worn)
Jewellery
 f - a ring of resist corrosion (left hand)
 h - an amulet of magic regeneration
 j - the amulet "Kevagh" (around neck) {Reflect rElec Int+3 SH+5 SInv}
   (You acquired it on level 1 of the Dungeon)

   [amulet of reflection]

   Reflect:   It reflects blocked missile attacks.
   Int+3:     It affects your intelligence (+3).
   rElec:     It insulates you from electricity.
   SInv:      It lets you see invisible.
   SH+5:      It affects your SH (+5).
 l - a ring of protection from fire
 s - a +4 ring of protection (right hand)
 u - a ring of see invisible
Wands
 q - a wand of roots (12)
 t - a wand of polymorph (7)
Scrolls
 k - a scroll of immolation
 r - 2 scrolls of amnesia
 v - a scroll of teleportation
Potions
 e - a potion of invisibility
 m - a potion of magic
 n - a potion of curing
 o - 2 potions of lignification


   Skills:
 + Level 11.8 Fighting
 + Level 10.6 Maces & Flails
 - Level 3.2 Armour
 - Level 3.2 Shields
 + Level 0.8 Invocations


You had 9 spell levels left.
You didn't know any spells.
Your spell library contained the following spells:

 Spells                   Type           Power      Damage    Failure   Level
 Static Discharge         Conj/Air       0%         3-3/arc   100%        2
 Airstrike                Air            0%         2d(0-16)  100%        4
 Summon Lightning Spire   Summ/Air       Unusable   N/A       N/A         4

Dungeon Overview and Level Annotations

Branches:
Dungeon (7/15)             Temple (1/1) D:5

Altars:
Ashenzari
Cheibriados
Dithmenos
Elyvilon
Fedhas
Gozag
Hepliaklqana
Kikubaaqudgha
Makhleb
Nemelex Xobeh
Okawaru
Qazlal
Ru
Sif Muna
Trog
Uskayaw
Vehumet
Wu Jian
Xom
Zin
The Shining One

Shops:
D:6 :

Annotations:
D:4 2 transporters


Innate Abilities, Weirdness & Mutations

You are immune to sickness and miasma.
Your stone body is resilient. (AC +7)
You are immune to poison.
You resist negative energy. (rN+)
You are resistant to electric shocks. (rElec)
You are resistant to unholy torment.
You are immune to petrification.


Message History

The efreet hits you but does no damage.
You hit the efreet.
The efreet is moderately wounded.
The efreet hits you but does no damage.
You hit the efreet but do no damage.
The efreet is moderately wounded.
You hit the efreet but do no damage.
The efreet is moderately wounded.
The efreet barely misses you.
You hit the efreet.
The efreet is moderately wounded.
The efreet hits you with a +0 scimitar of flaming!
The efreet burns you.
You sock the efreet!
The efreet is heavily wounded.
You block the efreet's attack.
You hit the efreet but do no damage.
The efreet is heavily wounded.
The efreet hits you but does no damage.
You sock the efreet!
The efreet is almost dead.
The efreet gestures at you.
The fireball explodes!
The fireball engulfs you!
The tree burns like a torch!
The fireball engulfs the efreet.
The efreet completely resists.
An orc comes into view. It is wielding a +0 short sword.
You hit the efreet but do no damage.
The efreet is almost dead.
You block the efreet's attack.
The forest fire spreads! x2
You hit the efreet but do no damage.
The efreet is almost dead.
An orc comes into view. It is wielding a +0 morningstar.
The efreet gestures at you.
The fireball explodes!
The fireball engulfs you!
* * * LOW HITPOINT WARNING * * *
The fireball engulfs the efreet.
The efreet completely resists.
The forest fire spreads!
You see here a +0 scimitar.
The efreet gestures at you. The bolt of fire hits you!!
You die...

#.....# #### #.# ##
#...##.. #.#####
♣.♣.♣♣o♣ ♣.♣
#######. #.#♣♣.♣♣
♣.♣.♣o♣ ♣.♣ #.
##.#♣...♣ ♣.§°°.♣.♣
#. #..#♣♣.♣♣
♣.♣○§°♣§♣ #.
...#♣...♣ ♣○§§°§♣ #.
...#♣♣.♣♣########R##
#.
.#.#♣...♣#.....#)..#
#.
.#.#.~~~.♣♣...♣♣@).♣
...†)~~~...♣.♣.'<ß>+
.
.#.#.~~~.♣♣...♣♣...♣
#.
...#♣...♣#.....#...#
#.
...#♣♣.♣♣########+##
#. ...#♣...♣ #.
#).#♣♣.♣♣ #. #..#
... #. ...# .♣ #.


You could see an efreet and 2 orcs.

Vanquished Creatures
  Pikel (D:4)
  Maggie (D:7)
  An unseen horror (D:6)
  A hornet (D:7)
  2 humans (D:7)
  Eustachio (D:5)
  Duvessa (D:4)
  An orc warrior (D:7)
  An ice beast (D:6)
  4 black bears (D:7)
  2 sky beasts
  2 centaurs
  4 lemures (D:4)
  2 phantoms
  A bullfrog (D:7)
  4 scorpions
  6 wights
  Dowan (D:4)
  3 howler monkeys
  A bombardier beetle (D:6)
  7 hounds
  3 jellies (D:7)
  A sleepcap (D:4)
  3 orc priests
  Ijyb (D:5)
  2 iguanas
  8 orc wizards
  Terence (D:2)
  Robin (D:1)
  3 gnolls (D:4)
  3 adders
  A white imp (D:7)
  3 dart slugs
  2 ribbon worms (D:3)
  29 orcs
  10 bats
  10 endoplasms
  2 giant cockroaches
  11 goblins
  9 hobgoblins
  9 jackals
  6 kobolds
  2 quokkas
  8 ball pythons
  3 frilled lizards
  4 rats
182 creatures vanquished.

Vanquished Creatures (others)
  A goblin (D:2)
1 creature vanquished.

Grand Total: 183 creatures vanquished

Notes
Turn   | Place    | Note
-------+----------+-------------------------------------------
     0 | D:1      | nuthulu the Gargoyle Fighter began the quest for the Orb.
     0 | D:1      | Reached XP level 1. HP: 14/14 MP: 1/1
    96 | D:1      | Reached XP level 2. HP: 18/19 MP: 2/2
   370 | D:1      | Reached XP level 3. HP: 21/24 MP: 3/3
   522 | D:1      | Reached skill level 4 in Fighting
   673 | D:1      | Identified 2 scrolls of acquirement
   673 | D:1      | Acquired the amulet "Kevagh" {Reflect rElec Int+3 SH+5
                  | SInv}
   685 | D:1      | Acquired 492 gold pieces
  1010 | D:2      | Found a faded altar of an unknown god.
  1194 | D:2      | Noticed Terence
  1213 | D:2      | Killed Terence
  1214 | D:2      | Reached XP level 4. HP: 16/30 MP: 4/4
  1385 | D:2      | Noticed Robin
  1519 | D:1      | Killed Robin
  1992 | D:3      | Noticed a sky beast
  1993 | D:3      | Found a stormy altar of Qazlal.
  2016 | D:3      | Reached XP level 5. HP: 34/34 MP: 5/5
  2021 | D:3      | Killed a sky beast
  2022 | D:3      | Reached skill level 5 in Fighting
  2282 | D:3      | Reached XP level 6. HP: 40/40 MP: 6/6
  2653 | D:4      | Found a transporter.
  2693 | D:4      | Noticed Pikel
  2744 | D:4      | Killed Pikel
  2745 | D:4      | Reached skill level 6 in Fighting
  2745 | D:4      | Reached skill level 5 in Maces & Flails
  2745 | D:4      | Reached XP level 7. HP: 26/47 MP: 7/7
  2849 | D:4      | Found a transporter.
  2993 | D:4      | Reached skill level 7 in Fighting
  3206 | D:4      | Noticed Ijyb
  3222 | D:5      | Entered Level 5 of the Dungeon
  3236 | D:5      | Killed Ijyb
  3377 | D:4      | Noticed Duvessa
  3409 | D:4      | Noticed Dowan
  3417 | D:4      | Killed Duvessa
  3424 | D:4      | Killed Dowan
  3425 | D:4      | Reached XP level 8. HP: 44/53 MP: 8/8
  3879 | D:4      | Found a shimmering blue altar of Sif Muna.
  4137 | D:5      | Found a staircase to the Ecumenical Temple.
  4154 | Temple   | Entered the Ecumenical Temple
  4191 | D:5      | Noticed Eustachio
  4223 | D:5      | Killed Eustachio
  4224 | D:5      | Reached skill level 8 in Fighting
  4865 | D:6      | Identified the +2 arbalest of the Fae God {penet, rPois
                  | rC+}
  4922 | D:6      | Reached skill level 9 in Fighting
  4994 | D:6      | Found a shadowy altar of Dithmenos.
  5164 | D:6      | Found Kemyox's Book Shop.
  5229 | D:6      | Reached XP level 9. HP: 51/60 MP: 9/9
  5528 | D:6      | Found an ancient bone altar of Kikubaaqudgha.
  5561 | D:7      | Noticed Maggie
  5594 | D:7      | Killed Maggie
  5595 | D:7      | Reached skill level 10 in Fighting
  5628 | D:7      | Noticed a hornet
  5634 | D:7      | Killed a hornet
  5856 | D:7      | Found a broken altar of Ashenzari.
  6181 | D:7      | Reached skill level 11 in Fighting
  6371 | D:7      | Reached skill level 10 in Maces & Flails
  6371 | D:7      | Reached XP level 10. HP: 63/69 MP: 10/10
  6597 | D:7      | Found an iron altar of Okawaru.
  6630 | D:7      | Became a worshipper of Warmaster Okawaru
  6734 | D:7      | Noticed an unseen horror
  6834 | D:6      | Killed an unseen horror
  6939 | D:7      | Killed from afar by an efreet

Illustrated notes

Levels and vault maps discovered:
D:1:      dpeg_arrival_shrine, layout_basic
D:2:      layout_basic, chequers_ecumenical_altar_simple,
          hangedman_glass_garden, uniq_terence, uniq_robin
D:3:      layout_loops_ring, nicolae_qazlal_beasts_of_the_sky, minmay_ruptured
D:4:      gammafunk_wand_slinger, layout_basic, kennysheep_orc_sif_temple,
          uniq_ijyb, uniq_pikel, uniq_duvessa
D:5:      layout_loops_cross, minmay_temple_entry_trees,
          nicolae_ossuary_entry_plus, chequers_serial_rivers_small_a,
          uniq_eustachio
D:6:      layout_loops_ring, mainiacjoe_overflow_big_doors, serial_shops,
          nicolae_shop_peninsula, hex_tiny, minmay_misc_feat_secret_circle,
          minmay_gold_behind_fungi, hangedman_abyss_or_decor_stagger
D:7:      nzn_winding_woodlands_stair_cross [nzn_winding_woodlands_5x15_pool,
          nzn_winding_woodlands_center_triple_pond,
          nzn_winding_woodlands_5x15_parted, nzn_winding_woodlands_hourglass,
          nzn_winding_woodlands_5x5_default,
          nzn_winding_woodlands_5x15_split_checker,
          nzn_winding_woodlands_center_garden,
          nzn_winding_woodlands_5x15_cabin], layout_layer_cave,
          nicolae_ashenzari_skybound, okawaru_humans,
          mainiacjoe_overflow_alcove_4, uniq_maggie
Temple:   minmay_freezing_vapour_temple

Skill      XL: |  1  2  3  4  5  6  7  8  9 |
---------------+----------------------------+-----
Fighting       | 4 5 6 7 9 11 | 11.8
Maces & Flails | 3 4 5 6 8 10 | 10.6
Armour         | |  3.2
Shields        | |  3.2
Invocations    | |  0.8

Action                     |  1- 3 |  4- 6 |  7- 9 | 10-12 || total
---------------------------+-------+-------+-------+-------++-------
  Melee: Flail             |   128 |   213 |   360 |   100 ||   801
    Use: Scroll            |     5 |     1 |    11 |     1 ||    18
         Potion            |       |     2 |     4 |       ||     6
   Stab: Invisible         |       |     2 |     6 |       ||     8
 Armour: Scale mail        |    95 |   197 |   215 |    82 ||   589
         Plate armour      |       |       |       |    11 ||    11
  Dodge: Dodged            |    63 |   127 |   138 |    48 ||   376
  Block: Buckler           |    49 |   163 |   153 |    52 ||   417
         Reflection        |       |     4 |     8 |     2 ||    14

Table legend: (Time is in decaauts)
 A = Elapsed time spent in this place.
 B = Non-inter-level travel time spent in this place.
 C = Inter-level travel time spent in this place.
 D = Time resting spent in this place.
 E = Time spent auto-exploring this place.
 F = Levels seen in this place.
 G = Mean time per level.
                   A        B        C        D        E       F      G
               +--------+--------+--------+--------+--------+-----+--------+
         Total |   7045 |   6907 |    138 |    860 |   4107 |   8 |  880.6 |
       Dungeon |   7042 |   6904 |    138 |    860 |   4107 |   7 | 1006.0 |
        Temple |      3 |      3 |      0 |      0 |      0 |   1 |    3.0 |
               +--------+--------+--------+--------+--------+-----+--------+

Top non-repeatable levels by time:
     D:4: 1567 daAuts
     D:7: 1233 daAuts
     D:2: 1100 daAuts
     D:6: 878 daAuts
     D:5: 809 daAuts
     D:1: 777 daAuts
     D:3: 674 daAuts
  Temple: 3 daAuts
